 Dungeon Crawl Stone Soup version 0.29-a0-364-g921d912d32 (webtiles) character file.

Game seed: 12482094959484940003

43 bande the Skirmisher (level 3, -1/24 HPs)
             Began as a Gargoyle Fighter on Apr 30, 2022.
             Slain by a gnoll
             ... wielding a +0 halberd
              (5 damage)
             ... on level 3 of the Dungeon.
             The game lasted 00:02:15 (1250 turns).

bande the Skirmisher (Gargoyle Fighter)             Turns: 1250, Time: 00:02:16

Health: -1/24      AC: 12    Str: 19    XL:     3   Next: 58%
Magic:  3/3        EV:  9    Int:  8    God:
Gold:   67         SH:  9    Dex: 11    Spells: 2/2 levels left

rFire   . . .      SeeInvis .   a - +0 war axe
rCold   . . .      Faith    .   c - +0 buckler
rNeg    + . .      Spirit   .   b - +0 scale mail
rPois   ∞          Reflect  +   (no helmet)
rElec   +          Harm     .   (no cloak)
rCorr   .          Rampage  .   (no gloves)
Will    .....                   (no boots)
Stlth   ..........              p - amulet of reflection
HPRegen 0.08/turn               (no ring)
MPRegen 0.08/turn               (no ring)

@: no status effects
A: sickness immunity, AC +3, negative energy resistance 1, electricity
resistance, torment resistance 1, petrification resistance, fangs 1, iridescent
scales 1
a: no special abilities


You were on level 3 of the Dungeon.
You visited 1 branch of the dungeon, and saw 3 of its levels.

You collected 67 gold pieces.

Inventory:

Hand Weapons
 a - a +0 war axe (weapon)
Armour
 b - a +0 scale mail (worn)
 c - a +0 buckler (worn)
Jewellery
 p - an amulet of reflection (around neck)
Wands
 o - a wand of digging (7)
Scrolls
 e - a scroll of teleportation
 f - a scroll of holy word {unknown}
 i - 2 scrolls of identify
 j - a scroll of blinking {unknown}
 n - a scroll of summoning {unknown}
Potions
 d - a potion of might
 g - a potion of heal wounds {unknown}
 k - a potion of mutation
 l - a potion of flight {unknown}
 m - a potion of curing {unknown}


   Skills:
 + Level 3.9 Fighting
 + Level 2.1 Axes
 + Level 3.7 Armour
 + Level 3.7 Shields
 * Level 0.2 Evocations


You had 2 spell levels left.
You didn't know any spells.
Your spell library was empty.

Dungeon Overview and Level Annotations

Branches:
Dungeon (3/15)

Altars:
Cheibriados

Shops:
D:1 (


Innate Abilities, Weirdness & Mutations

You are immune to sickness and miasma.
Your stone body is resilient. (AC +3)
You are immune to poison.
You resist negative energy. (rN+)
You are resistant to electric shocks. (rElec)
You are resistant to unholy torment.
You are immune to petrification.
You have very sharp teeth.
You are partially covered in iridescent scales. (AC +2)


Message History

a +0 club; a goblin corpse
Found 23 stones.
No target in view!
f - a scroll labelled NUEDAR DIJOUMM 2 gnolls come into view.
The gnoll shouts! x2
The gnoll moves out of view.
A gnoll shaman comes into view. It is wielding a +0 club.
The gnoll shaman shouts!
A gnoll comes into view. It is wielding a +0 halberd.
The gnoll shouts!
A rat comes into view.
The gnoll hits you with a +0 flail.
You slash the gnoll!
The gnoll is almost dead.
You block the gnoll's attack.
You hit the gnoll but do no damage.
The gnoll is almost dead.
The gnoll shaman calls upon its god to heal the gnoll.
The gnoll is healed somewhat.
The gnoll hits you with a +0 flail.
The gnoll hits you from afar with a +0 halberd. x3
You block the gnoll's attack.
You hit the gnoll shaman.
The gnoll shaman is moderately wounded.
The gnoll closely misses you. You block the gnoll's attack.
You barely miss the gnoll.
The gnoll is heavily wounded.
You closely miss the gnoll shaman. You block the gnoll shaman's attack.
The gnoll barely misses you. The gnoll hits you but does no damage.
You block the gnoll's attack.
You slash the gnoll!
You kill the gnoll!
You barely miss the gnoll shaman. The gnoll shaman barely misses you.
The gnoll hits you but does no damage. You block the gnoll's attack.
The rat bites you but does no damage.
The gnoll shaman hits you with a +0 club!
* * * LOW HITPOINT WARNING * * *
You block the gnoll's attack.
The gnoll hits you from afar with a +0 halberd.
You die...

#(.# #.# ##.## #
#..# #.# #... #.
#..# #.#####§§##§#
#..####......§§§§§.
#............§§§§§.
##.##########§####.
#.# #.# #.# ..# #@#
#### #.gr# #..g.g#
#....... #.....###
##...## #####


You could see a gnoll shaman, 2 gnolls and a rat.

Vanquished Creatures
  A gnoll (D:3)
  An adder (D:3)
  A dart slug (D:1)
  6 endoplasms
  2 giant cockroaches (D:1)
  3 goblins
  A hobgoblin (D:2)
  3 jackals (D:2)
  3 kobolds
  2 ball pythons
  3 bats
  3 frilled lizards
  A rat (D:1)
30 creatures vanquished.

Notes
Turn   | Place    | Note
-------+----------+-------------------------------------------
     0 | D:1      | bande the Gargoyle Fighter began the quest for the Orb.
     0 | D:1      | Reached XP level 1. HP: 14/14 MP: 1/1
   304 | D:1      | Reached XP level 2. HP: 19/19 MP: 2/2
   317 | D:1      | Found Cewneo Besi's Weapon Shop.
   853 | D:2      | Found a snail-covered altar of Cheibriados.
   901 | D:2      | Reached XP level 3. HP: 19/24 MP: 3/3
  1189 | D:3      | Gained mutation: You are dopey. (Int -2) [potion of
                  | mutation]
  1189 | D:3      | Gained mutation: You have a pair of small horns on your
                  | head. [potion of mutation]
  1190 | D:3      | Lost mutation: You have a pair of small horns on your head.
                  | [potion of mutation]
  1190 | D:3      | Lost mutation: You are dopey. (Int -2) [potion of mutation]
  1190 | D:3      | Gained mutation: You have very sharp teeth. [potion of
                  | mutation]
  1190 | D:3      | Gained mutation: You are partially covered in iridescent
                  | scales. (AC +2) [potion of mutation]
  1250 | D:3      | Slain by a gnoll

Illustrated notes

Levels and vault maps discovered:
D:1:      dpeg_arrival_rooms_c, layout_basic, serial_shops, shop
D:2:      layout_basic, basic_altar, minivault_19,
          wander_ebering_terrifying_dragon_lair
D:3:      layout_loops_ring, shapermc_ecumenical_altar_petra,
          chequers_arboretum, uniq_sigmund

Skill      XL: |  1  2  3 |
---------------+----------+-----
Axes           | 2 |  2.1
Fighting       | |  3.9
Armour         | |  3.7
Shields        | |  3.7
Evocations     | |  0.2

Action                   || total
-------------------------++-------
Melee: War axe           ||    72
  Use: Scroll            ||     4
       Potion            ||     2
Armor: Scale mail        ||    41
Dodge: Dodged            ||    38
Block: Buckler           ||    31

Table legend: (Time is in decaauts)
 A = Elapsed time spent in this place.
 B = Non-inter-level travel time spent in this place.
 C = Inter-level travel time spent in this place.
 D = Time resting spent in this place.
 E = Time spent auto-exploring this place.
 F = Levels seen in this place.
 G = Mean time per level.
                   A        B        C        D        E       F      G
               +--------+--------+--------+--------+--------+-----+--------+
         Total |   1283 |   1283 |      0 |     66 |    959 |   3 |  427.7 |
       Dungeon |   1283 |   1283 |      0 |     66 |    959 |   3 |  427.7 |
               +--------+--------+--------+--------+--------+-----+--------+

Top non-repeatable levels by time:
     D:1: 780 daAuts
     D:2: 422 daAuts
     D:3: 80 daAuts
